cohdb
Replays
Latest Replays
All Replays
Popular Replays
Top Player Replays
Match Explorer
How It Works
Community
CoH3 Stats
Reddit
Sign in to upload your games and track your stats! →
Sign in with Steam
Match 45790461
Unlisted
Match 45790461
Overview
Messages
Build Orders
End
Engineer Squad
Selects Armored Battlegroup
Selects Assault Engineers
Construct Weapon Support Center
M1919 Machine Gun Team
Bazooka Squad
Assault Engineer Squad
Assault Engineer Squad
Assault Engineer Squad
Air Support Center
Bazooka Squad
Grasshopper Recon Run
.30 cal Machine Gun
M3 Armored Personnel Carrier
Selects Strength in Steel
P-47 Dive Bomb
Grasshopper Recon Run
Construct Tank Depot
Assault Engineer Squad
Assault Engineer Squad
P-47 Strafing Run
Grasshopper Recon Run
P-47 Dive Bomb
P-47 Dive Bomb
Assault Engineer Squad
Assault Engineer Squad
P-47 Strafing Run
Bazooka Squad
M4(105) Sherman Bulldozer
P-47 Dive Bomb
Selects Seek and Destroy
Selects UNKNOWN (2160077)
AI Takeover
Mishkashmoodle
Alphagene
Egor
Pavlic1992
GruZ
Na_Orbite
0
0
Comments
sign in to comment!
No comments posted yet!